cohdb
Replays
Latest Replays
All Replays
Popular Replays
Top Player Replays
Match Explorer
How It Works
Community
CoH3 Stats
Reddit
Sign in to upload your games and track your stats! →
Sign in with Steam
Match 44957921
Unlisted
Match 44957921
Overview
Messages
Build Orders
End
Pioneer Squad
Construct Infanterie Kompanie
Grenadier Squad
Grenadier Squad
Grenadier Squad
Infanterie Officer Quarters
Selects Terror Battlegroup
Selects Machine Gun Camouflage
Selects Contempt for the Weak
Construct Luftwaffe Kompanie
221 Scout Car
Medical Bunker
Jäger Squad
Flak 30 Anti-aircraft Gun Team
Jäger Squad
Construct Panzer Kompanie
Selects Propaganda Leaflet Drop
Jäger Squad
Selects No Quarter
Sturmpanzer IV Brummbär
Isildur
BlueSkidrow™
Winitariy
12azzmatazz
0
0
Comments
sign in to comment!
No comments posted yet!